Unix NetHack Version 5.0.0-0 post-release - last build May 31 2026 23:59:36 (970b52f25bf058293b47ddfd14a1e40e571c508c,branch:main).

Game began 2026-06-04 19:30:37, ended 2026-06-04 20:08:53.

Eymerich, chaotic male elven Priest

                                                                   #--
                                                               -.. -#.---
                                                                -....h.d---
                                                                    -.@...----
                                                                    |....<...-
                                                                    ---.......|
                                                                      ----.|..|
                                                                          -----
Eymerich the Acolyte         St:13 Dx:16 Co:14 In:11 Wi:15 Ch:11  Chaotic
Dlvl:5  $:70 HP:0(45) Pw:52(62) AC:9  Xp:5 T:3070  Hungry  

Latest messages:
 The little dog bites the gnome king.
 The gnome king wields 3 daggers!
 The gnome king hurls a cyan potion!
 The jar crashes on your head and breaks into shards.
 The cyan potion evaporates.
 It suddenly gets dark.
 You hear some noises.
 You climb up the stairs.
 You remember this level as vault.
 You feel an unseen monster!
 You hear bubbling water.
 You feel an unseen monster!
 You can see again.
 You hear someone cursing shoplifters.
 You are in full health.
 z - a sling (weapon in right hand).
 a - a blessed +1 mace (alternate weapon; not wielded).
 What do you want to wield? [- apzIKLR or ?*]
 L - a bow (weapon in right hand).
 a - a blessed +1 mace (weapon in right hand).
 L - a bow (alternate weapon; not wielded).
 You descend the stairs.
 The gnome king thrusts one of his daggers.
 The gnome king hits!
 You hit the gnome king!
 The gnome king thrusts one of his daggers.
 The gnome king hits!
 You kill the gnome king!
 You see here 3 daggers.
 S - 3 daggers.
 You hear crashing rock.
 You see here a cursed hexagonal amulet.
 You are beginning to feel hungry.
 T - a cursed hexagonal amulet.
 You miss the dwarf.
 The dwarf swings her broad pick.
 The dwarf hits!
 You hit the dwarf.
 The dwarf swings her broad pick.
 The dwarf hits!
 In what direction?
 You feel better.
 The dwarf swings her broad pick.
 The dwarf hits!
 In what direction?
 You feel better.
 The dwarf swings her broad pick.
 The dwarf hits!
 You die...
 Do you want your possessions identified? [ynq] (y)

Inventory:
 Coins    ('$')
  $ - 70 gold pieces
 Amulets  ('"')
  T - a cursed amulet of change
 Weapons  (')')
  K - 3 +0 arrows (in quiver)
  R - 2 +0 silver arrows
  L - a +0 bow (alternate weapon; not wielded)
  z - a +0 sling
  p - 4 +0 darts
  S - 3 +0 daggers
  I - 2 +0 elven daggers
  a - a blessed +1 mace (weapon in right hand)
 Armor    ('[')
  D - a +0 alchemy smock with text "Don't mess with the chef" (being worn)
  b - a +0 robe
 Comestibles  ('%')
  B - a slime mold
  e - a clove of garlic
  w - 2 fortune cookies
  f - 2 sprigs of wolfsbane
  r - a lichen corpse
 Scrolls  ('?')
  E - a scroll of enchant armor
 Potions  ('!')
  H - a potion of blindness
  F - a blessed potion of confusion
  t - 2 cursed potions of healing
  d - 4 potions of holy water
 Wands    ('/')
  o - a wand of digging (0:6)
 Tools    ('(')
  k - a lock pick
 Gems/Stones  ('*')
  M - an aquamarine stone named hard
  u - a worthless piece of black glass named soft
  y - 2 cursed worthless pieces of white glass named soft
  A - 3 rocks

Eymerich the Priest's attributes:

Background:
 You were an Acolyte, a level 5 elven Priest.
 You were chaotic, on a mission for Offler
 who was opposed by Blind Io (lawful) and The Lady (neutral).
 You were right-handed.
 You were in the Gnomish Mines, on level 5.
 You entered the dungeon 3070 turns ago.
 You had 218 experience points, 102 more were needed to attain level 6.

Basics:
 You had 0 out of 45 hit points.
 You had 52 out of 62 energy points (spell power).
 Your armor class was 9.
 Your wallet contained 70 zorkmids.
 Autopickup was off.

Final Characteristics:
 Your strength was 13 (limit:18).
 Your dexterity was 16 (limit:18).
 Your constitution was 14 (limit:16).
 Your intelligence was 11 (limit:20).
 Your wisdom was 15 (limit:20).
 Your charisma was 11 (limit:18).

Final Status:
 You were hungry.
 You were unencumbered.
 You were wielding a mace.
 You had basic skill with mace.

Final Attributes:
 You were piously aligned.
 You were sleep resistant.
 You were poison resistant.
 You were acid resistant.
 Your items were protected from acid.
 You had infravision.
 You were warded.
 You are dead.

Miscellaneous:
 You didn't encounter any bones levels.
 Total elapsed playing time was 38 minutes and 15 seconds.

Major events:
 Turn
    1: Eymerich the chaotic elven Priest entered the dungeon
 1093: attained the rank of Acolyte (level 3)
 2978: entered the Gnomish Mines
 3070: killed by a dwarf

Spells:
 Name                 Level Category     Fail Retention
 healing                1   healing        0%  76%-100%
 remove curse           3   clerical       0%   81%-90%

Skills:
 Fighting Skills
   bare handed combat [Unskilled]
 Weapon Skills
   club               [Unskilled]
   mace               [Basic]
   morning star       [Unskilled]
   flail              [Unskilled]
   hammer             [Unskilled]
   quarterstaff       [Unskilled]
   polearms           [Unskilled]
   spear              [Unskilled]
   trident            [Unskilled]
   lance              [Unskilled]
   bow                [Unskilled]
   sling              [Unskilled]
   crossbow           [Unskilled]
   dart               [Unskilled]
   shuriken           [Unskilled]
   boomerang          [Unskilled]
   unicorn horn       [Unskilled]
 Spellcasting Skills
   healing spells     [Unskilled]
   divination spells  [Unskilled]
   clerical spells    [Basic]

Voluntary challenges:
 Character rerolling was not enabled.
 You were illiterate.
 You never genocided any monsters.
 You never polymorphed an object.
 You never changed form.
 You used no wishes.
Achievements:
 You attained the rank of Acolyte.
 You entered a shop.
 You entered the Gnomish Mines.

 The Dungeons of Doom: levels 1 to 5
    Level 1: "vault"
       Some sinks.
    Level 2:
       A fountain.
    Level 3: "vault, box 8 items"
       A fountain.
    Level 4: "vault"
       A weapon shop, a fountain.
       Stairs down to The Gnomish Mines.
    Level 5:
 The Gnomish Mines:
    Level 5: <- You were here.
       Final resting place for
          you, killed by a dwarf.


Vanquished creatures:
  2 small mimics
  a leprechaun
  a gnome ruler
  a gnome leader
  a gray ooze
  a kitten
  2 rothes
  a giant bat
  a werejackal
 an iguana
  2 acid blobs
  3 hobbits
  a large kobold
  4 giant rats
  a yellow mold
  a gnome zombie
  4 geckos
  3 jackals
  a kobold
  a goblin
  2 sewer rats
  a grid bug
  4 lichens
  a kobold zombie
  4 newts
45 creatures vanquished.

No species were genocided or became extinct.

Game over:
                       ----------
                      /          \
                     /    REST    \
                    /      IN      \
                   /     PEACE      \
                  /                  \
                  |     Eymerich     |
                  |      70 Au       |
                  |   killed by a    |
                  |      dwarf       |
                  |                  |
                  |                  |
                  |       2026       |
                 *|     *  *  *      | *
        _________)/\\_//(\/(/\)/\//\/|_)_______

Goodbye Eymerich the Priest...

You died in The Gnomish Mines on dungeon level 5 with 1135 points,
and 70 pieces of gold, after 3070 moves.
You were level 5 with a maximum of 45 hit points when you died.

